 Dungeon Crawl Stone Soup version 0.21-a0-137-g951aa02 (webtiles) character file.

489 Ordine the Magician (level 6, -3/32 HPs)
             Began as a Deep Elf Wizard on July 19, 2017.
             Killed from afar by an orc wizard (9 damage)
             ... with a magic dart
             ... on level 4 of the Dungeon.
             The game lasted 00:12:19 (4349 turns).

Ordine the Magician (Deep Elf Wizard)               Turns: 4349, Time: 00:12:19

Health: -3/32      AC:  5    Str:  4    XL:     6   Next: 90%
Magic:  1/15       EV: 19    Int: 25    God:
Gold:   133        SH:  0    Dex: 18    Spells: 4/15 levels left

rFire    . . .     SeeInvis .   b - +0 dagger (venom)
rCold    . . .     Gourm    .   (no shield)
rNeg     . . .     Faith    .   a - +0 robe
rPois    .         Spirit   .   p - +0 helmet
rElec    .         Reflect  .   (no cloak)
rCorr    .         Harm     .   (no gloves)
MR       .....                  t - +1 pair of boots
Stlth    ++++......             (no amulet)
HPRegen  0.10/turn              (no ring)
MPRegen  0.14/turn              (no ring)

@: agile
A: no striking features
a: no special abilities


You were on level 4 of the Dungeon.
You were hungry.

You visited 1 branch of the dungeon, and saw 4 of its levels.

You collected 133 gold pieces.

Inventory:

Hand Weapons
 b - a +0 dagger of venom (weapon)
 r - a +2 dagger of protection
 s - a +2 whip of freezing
Armour
 a - a +0 robe (worn)
 p - a +0 helmet (worn)
 t - a +1 pair of boots (worn)
Scrolls
 j - a scroll of immolation
 l - 3 scrolls of remove curse
 o - a scroll of magic mapping
Potions
 h - 2 potions of brilliance
 k - a potion of mutation
 n - a potion of flight
Books
 c - a book of Minor Magic

   Spells                             Type                      Level
   a - Magic Dart                     Conjuration                  1
   b - Blink                          Translocation                2
   c - Call Imp                       Summoning                    2
   d - Slow                           Hexes                        2
   e - Conjure Flame                  Conjuration/Fire             3
   f - Mephitic Cloud                 Conjuration/Poison/Air       3
Comestibles
 d - a bread ration
 f - 2 royal jellies
 g - 2 meat rations
 i - 5 fruits


   Skills:
 - Level 3.0 Dodging
 + Level 4.8 Stealth
 - Level 5.0 Spellcasting
 + Level 3.5 Conjurations
 + Level 2.9 Summonings
 + Level 2.9 Translocations
 + Level 2.0 Fire Magic
 + Level 2.4 Air Magic


You had 4 spell levels left.
You knew the following spells:

 Your Spells              Type           Power        Failure   Level  Hunger
a - Magic Dart            Conj           ###.         1%          1    None
b - Blink                 Tloc           N/A          3%          2    None
c - Call Imp              Summ           ###.....     3%          2    None
d - Conjure Flame         Conj/Fire      ###.....     8%          3    ##.....
e - Mephitic Cloud        Conj/Pois/Air  ###.....     11%         3    ##.....


Dungeon Overview and Level Annotations

Branches:
Dungeon (4/15)
 Temple: D:4-7

Altars:
Elyvilon
Gozag
Hepliaklqana
Ru
Uskayaw


Message History

The orc wizard is severely wounded.
The orc wizard points at you and mumbles some strange words.
The magic dart hits you!
* * * LOW HITPOINT WARNING * * *
The orc wizard misses you.
An orc comes into view. It is wielding a hand axe.
You feel agile all of a sudden.
The orc wizard hits you but does no damage.
The ogre falls into the water!
The ogre drowns.
You hear a splash.
Your Fire Magic skill increases to level 2!
Okay, then.
The orc wizard barely misses you.
The orc wizard hits you but does no damage.
The orc misses you. The orc closely misses you.
The orc wizard closely misses you.
The orc wizard gestures at you while chanting.
The magic dart hits you!
You die...

#######+#..#........
#........<.#........
#..........########.
#...........# #.
#.........#.# #.
#.......(.#.# #.
#......[..#.## #.
#.........#..# #. #
#..@......##.# #. .
###+###o........##.######.
#.#≈≈.≈≈#o#####.##..........
###.#≈♣.♣≈#.# #.##.##.#####.
....'.._).'.# #....#....<#..
..###≈♣.♣≈### #..#...#......
#≈≈)≈≈# #..#.###......
###'### #####.............
.### #...#
#........#........


You could see an orc wizard and an orc.

Vanquished Creatures
  An ogre (D:4)
  A centaur skeleton (D:4)
  An orc priest (D:4)
  Natasha (D:3)
  5 orc wizards
  Robin (D:2)
  5 adders
  An ooze (D:1)
  2 dart slugs
  5 leopard geckos
  10 orcs
  2 ball pythons
  5 bats
  A giant cockroach (D:1)
  10 hobgoblins
  7 jackals
  7 kobolds
  3 quokkas
  2 frilled lizards
  19 goblins
  3 rats
92 creatures vanquished.

Vanquished Creatures (collateral kills)
  Terence (D:2)
1 creature vanquished.

Grand Total: 93 creatures vanquished

Notes
Turn   | Place    | Note
-------+----------+-------------------------------------------
     0 | D:1      | Ordine the Deep Elf Wizard began the quest for the Orb.
     0 | D:1      | Reached XP level 1. HP: 10/10 MP: 7/7
   119 | D:1      | Reached XP level 2. HP: 15/15 MP: 2/9
   208 | D:1      | Learned a level 2 spell: Blink
   211 | D:1      | Learned a level 2 spell: Call Imp
   477 | D:1      | Reached XP level 3. HP: 19/19 MP: 8/11
   482 | D:1      | Learned a level 3 spell: Conjure Flame
   486 | D:1      | Learned a level 3 spell: Mephitic Cloud
   755 | D:2      | Reached skill level 5 in Spellcasting
   900 | D:2      | Noticed Terence
   912 | D:2      | Killed Terence
   990 | D:2      | Reached XP level 4. HP: 24/24 MP: 9/13
  1222 | D:2      | Reached skill level 1 in Air Magic
  1268 | D:2      | Found a white marble altar of Elyvilon.
  1273 | D:2      | Found an opulent altar of Gozag.
  1274 | D:2      | Found a hide-covered altar of Uskayaw.
  1973 | D:2      | HP: 1/24 [orc/dagger (4)]
  2368 | D:3      | Noticed Natasha
  2376 | D:3      | Killed Natasha
  2376 | D:3      | Reached XP level 5. HP: 28/28 MP: 6/14
  2390 | D:3      | Noticed Robin
  2754 | D:2      | Killed Robin
  3137 | D:3      | Found a hazy altar of Hepliaklqana.
  3408 | D:3      | Reached skill level 1 in Fire Magic
  3769 | D:4      | Reached XP level 6. HP: 19/32 MP: 0/15
  4286 | D:4      | Found a sacrificial altar of Ru.
  4349 | D:4      | Killed from afar by an orc wizard

Vault maps used:
D:1:      scummos_arrival_hexagon
D:2:      minitemple, uniq_terence
D:3:      lemuel_coloured_pillars_altar, serial_bayou_lagoon_a, uniq_robin,
          uniq_natasha
D:4:      kennysheep_little_box, nicolae_zen_rock_garden, minmay_vboxes

Skill      XL: |  1  2  3  4  5  6 |
---------------+-------------------+-----
Stealth        | 3 4 |  4.8
Dodging        | 3 |  3.0
Spellcasting   | 5 |  5.0
Conjurations   | 2 3 |  3.5
Air Magic      | 1 2 |  2.4
Translocations | 2 |  2.9
Summonings     | 2 |  2.9
Fire Magic     | 1 2 |  2.0

Action                   |  1- 3 |  4- 6 || total
-------------------------+-------+-------++-------
Melee: Short sword       |       |    18 ||    18
       Dagger            |       |     4 ||     4
 Cast: Magic Dart        |    55 |   194 ||   249
       Mephitic Cloud    |     1 |     6 ||     7
       Blink             |     1 |     2 ||     3
       Call Imp          |     1 |       ||     1
       Conjure Flame     |       |     2 ||     2
  Use: Scroll            |     5 |     7 ||    12
       Potion            |       |     2 ||     2
  Eat: Chunk             |       |    10 ||    10
Armor: Robe              |     2 |    13 ||    15
Dodge: Dodged            |    13 |    69 ||    82
